 Dungeon Crawl Stone Soup version 0.27-a0-1200-g94dc6ad4cf (webtiles) character file.

Game seed: 13808127793635063201

0 spiderkeys the Skirmisher (level 1, -19/18 HPs)
             Began as a Merfolk Abyssal Knight on June 1, 2021.
             Was a Follower of Lugonu.
             Demolished by an ettin simulacrum (31 damage)
             ... on level 1 of the Abyss.
             The game lasted 00:00:18 (168 turns).

spiderkeys the Skirmisher (Merfolk Abyssal Knight)   Turns: 168, Time: 00:00:19

Health: -19/18     AC:  3    Str: 10 (12) XL:     1   Next: 0%
Magic:  2/2        EV: 11    Int: 10 (11) God:    Lugonu [*.....]
Gold:   6          SH:  0    Dex: 11 (13) Spells: 0/0 levels left

rFire    . . .     SeeInvis .   a - +1 spear
rCold    . . .     Faith    .   (no shield)
rNeg     . . .     Spirit   .   b - +0 leather armour
rPois    .         Reflect  .   (no helmet)
rElec    .         Harm     .   (no cloak)
rCorr    .         Rampage  .   (no gloves)
Will     .....                  (no boots)
Stlth    +.........             (no amulet)
HPRegen  0.06/turn              (no ring)
MPRegen  0.08/turn              (no ring)

@: no status effects
A: (nimble swimmer 2), mertail
a: Renounce Religion, Depart the Abyss


You were on level 1 of the Abyss.
You worshipped Lugonu.
Lugonu was aware of your devotion.
You visited 0 branches of the dungeon, and saw 0 of its levels.
You visited the Abyss 1 time.

You collected 6 gold pieces.


Innate Abilities, Weirdness & Mutations

((You are quick and stealthy near water. (Stealth+, EV+, Speed+++)))
Your lower body shifts to a powerful aquatic tail in water.


   Skills:
 + Level 3.2 Fighting
 + Level 3.0 Polearms
 + Level 0.6 Armour
 + Level 2.6 Dodging
 + Level 2.0 Invocations


You couldn't memorise any spells.
You didn't know any spells.
Your spell library was empty.

Inventory:

Hand Weapons
 a - a +1 spear (weapon)
Armour
 b - a +0 leather armour (worn)

Dungeon Overview and Level Annotations

Branches:
Dungeon (0/15)

Altars:

## . #### .#..โˆฉ
......# # .#.#..#.#..
###k.##..# .#
#.###..#.#.###.###..#
.# #.# ....ยง.#
.##.#.##
#...###.#.#..#####
..# ....#.#. ...###
.##.#.#.# .# #.##.##
.##..k..## ..
..#.....# ##.##.#.# #
. # . # #@Z..#..# ..
#..## #.#....#.#
..##.. ...####..# ++
.# #. ..... ### .#
..#...# . ##.#.... .
#.....#. # # .#####.


You could see an ettin simulacrum.


Message History

๐Ÿค– Initializing magus.rc ...
Options error: Delay interrupt name "hungry" not recognised. (~/.crawlrc:4988) โœ… Successfully initialized magus.rc [v1.9.10] Welcome, spiderkeys the Merfolk Abyssal Knight.
It is said that the Orb of Zot exists deep within this dungeon.
Lugonu says: Depart the Abyss and spread corruption, my servant! (use the ability menu to exit the Abyss) Press ? for a list of commands and other information.
Found 6 gold pieces.
Found a corrupted altar of Lugonu.
You now have 6 gold pieces.
Unknown command.
Your legs become a tail as you enter the water.
A wind drake comes into view.
The wind drake hisses angrily.
The wind drake begins repelling missiles!
Found a gateway leading out of the Abyss.
You see here a coppery potion.
c - a coppery potion The wind drake misses you.
The wind drake exhales a fierce blast of wind!
The wind drake bites you! ๐Ÿ˜ฎ HP[-7]
You take 7 damage, and now have 11/18 hp.
MASSIVE DAMAGE!! (PAUSE) It was a potion of degeneration.
There was something very wrong with that liquid.
You feel weakened.
You feel dopey.
You feel clumsy. The wind drake barely misses you.
The wind drake exhales a fierce blast of wind!
You are blown backwards!
Unknown command.
A will-o-the-wisp comes into view.
The will-o-the-wisp gestures.
The will-o-the-wisp conjures some foxfire!
A foxfire comes into view.
The wind drake exhales a fierce blast of wind!
You are blown backwards!
An ettin simulacrum comes into view.
The wind drake changes into a lindwurm! ๐Ÿ˜ฎ HP[+1]
The ettin simulacrum hits you!!
Ouch! That really hurt!
You die...

Action                   || total
-------------------------++-------
  Use: Potion            ||     1
Dodge: Dodged            ||     2

Levels and vault maps discovered:
Abyss:1:  base: Temple, base: Temple, base: Temple,
          hangedman_abyss_overflow_altar

Notes
Turn   | Place    | Note
-------+----------+-------------------------------------------
     0 | Abyss:1  | spiderkeys the Merfolk Abyssal Knight began the quest for
                  | the Orb.
     0 | Abyss:1  | Reached XP level 1. HP: 18/18 MP: 2/2
     0 | Abyss:1  | magus.rc [v1.9.10]
   142 | Abyss:1  | Noticed a wind drake
   158 | Abyss:1  | Noticed a will-o-the-wisp
   162 | Abyss:1  | Noticed an ettin simulacrum
   164 | Abyss:1  | Noticed a lindwurm
   164 | Abyss:1  | a wind drake changed into a lindwurm
   168 | Abyss:1  | Demolished by an ettin simulacrum

Vanquished Creatures (others)
  A foxfire (Abyss:1)
1 creature vanquished.

Table legend:
 A = Non-vault XP
 B = Vault XP
 C = Vault XP percentage of total XP
 D = Non-vault monster count
 E = Vault monster count
 F = Vault count percentage of total count
                 A         B        C        D         E       F
            +---------+---------+-------+---------+---------+-------
      Total |       0 |       0 |   N/A |       0 |       0 |  -nan
            +---------+---------+-------+---------+---------+-------
            +---------+---------+-------+---------+---------+-------

Illustrated notes

Table legend: (Time is in decaauts)
 A = Elapsed time spent in this place.
 B = Non-inter-level travel time spent in this place.
 C = Inter-level travel time spent in this place.
 D = Time resting spent in this place.
 E = Time spent auto-exploring this place.
 F = Levels seen in this place.
 G = Mean time per level.
                   A        B        C        D        E       F      G
               +--------+--------+--------+--------+--------+-----+--------+
         Total |    167 |    167 |      0 |      0 |    141 |   1 |  167.0 |
         Abyss |    167 |    167 |      0 |      0 |    141 |   1 |  167.0 |
               +--------+--------+--------+--------+--------+-----+--------+

Top non-repeatable levels by time:
 Abyss:1: 167 daAuts
